 Dungeon Crawl Stone Soup version 0.17.1-2-g5865329 (webtiles) character file.

2560 Gargoyl the Skirmisher (level 9, -9/71 HPs)
             Began as a Demonspawn Abyssal Knight on Feb 11, 2016.
             Was a High Priest of Lugonu.
             Killed by divine providence
             ... invoked by an orc priest
              (14 damage)
             ... on level 7 of the Dungeon.
             The game lasted 00:15:56 (8249 turns).

Gargoyl the Skirmisher (Demonspawn Abyssal Knight)  Turns: 8249, Time: 00:15:56

Health: -9/71      AC: 21    Str: 16    XL:     9   Next: 31%
Magic:  11/11      EV:  7    Int: 13    God:    Lugonu [*****.]
Gold:   303        SH:  0    Dex: 13    Spells: 0 memorised, 8 levels left

rFire  + + .     SeeInvis .     o - +0 war axe
rCold  . . .     Clarity  .     B - +2 plate armour {rF+}
rNeg   . . .     SustAt   .     (no shield)
rPois  .         Gourm    .     x - +0 helmet
rElec  .         Spirit   .     g - +1 cloak
rCorr  .         Warding  .     (no gloves)
rMut   .         Stasis   .     (no boots)
MR     .....                    (no amulet)
Stlth  ..........               (no ring)
                                (no ring)

@: not resistant to hostile enchantments, extremely unstealthy
A: claws 1, slimy green scales 2, fire resistance 1, powered by pain 1
a: Depart the Abyss, Bend Space, Banish, Corrupt, Enter the Abyss, Renounce
Religion


You were on level 7 of the Dungeon.
You worshipped Lugonu.
Lugonu was extremely pleased with you.
You were very hungry.

You visited 1 branch of the dungeon, and saw 7 of its levels.
You visited the Abyss 1 time.

You collected 303 gold pieces.

Inventory:

Hand Weapons
 o - a +0 war axe (weapon)
 s - a +3 dire flail
Missiles
 C - 22 tomahawks (quivered)
Armour
 g - a +1 cloak (worn)
 x - a +0 helmet (worn)
 B - a +2 plate armour of fire resistance (worn)
Jewellery
 k - an uncursed amulet of the gourmand {unknown}
 n - an uncursed amulet of warding {unknown}
Wands
 b - a wand of frost (41)
 p - a wand of magic darts (33)
Scrolls
 d - 3 scrolls of remove curse
 f - 3 scrolls of recharging
 j - 3 scrolls of amnesia
 l - 4 scrolls of identify
 q - a scroll of fear
 t - a scroll of fog
Potions
 a - a potion of ambrosia {unknown}
 e - a potion of might
 i - 2 potions of lignification {unknown}
 m - a potion of haste {unknown}
 r - a potion of magic {unknown}
 u - 3 potions of brilliance {unknown}
 v - a potion of mutation {unknown}
 A - 2 potions of berserk rage {unknown}
Books
 y - a book of Death

   Spells                             Type                      Level
   a - Corpse Rot                     Necromancy                   2
   b - Sublimation of Blood           Necromancy                   2
   c - Agony                          Necromancy                   5
   d - Dispel Undead                  Necromancy                   5
   e - Excruciating Wounds            Charms/Necromancy            5
   f - Bolt of Draining               Conjuration/Necromancy       5
Comestibles
 c - a chunk of flesh


   Skills:
 + Level 6.5 Fighting
 + Level 5.7 Axes
 + Level 0.1 Throwing
 + Level 6.5 Armour
 + Level 5.3 Dodging
 + Level 1.7 Stealth
 + Level 3.7 Invocations


You had 8 spell levels left.
You didn't know any spells.

Dungeon Overview and Level Annotations

Branches:
Dungeon (7/15)             Temple (0/1) D:7

Altars:
Ashenzari
Cheibriados
Elyvilon
Fedhas
Gozag
Kikubaaqudgha
Okawaru
Qazlal
Trog
Yredelemnul


Innate Abilities, Weirdness & Mutations

You have sharp fingernails.
You are mostly covered in slimy green scales (AC +3).
Your flesh is heat resistant.
You sometimes gain a little power by taking damage.


Message History

The giant frog skeleton barely misses you.
The orc barely misses you.
Eat one of 2 chunks of flesh? (ye/n/q/i?) This raw flesh tastes terrible.
You are feeling very hungry.
Something hits you but does no damage.
The centaur shoots an arrow.
The arrow hits you. The giant frog skeleton hits you.
The orc priest mumbles some strange prayers to Beogh against you.
Something smites you!
* * * LOW HITPOINT WARNING * * *
The orc barely misses you.
You continue eating.
The centaur shoots an arrow.
The arrow hits you.
* * * LOW HITPOINT WARNING * * *
The giant frog skeleton hits you but does no damage.
Something hits you.
* * * LOW HITPOINT WARNING * * *
The orc priest invokes the aid of Beogh against you.
Something smites you!
You die...

,,,,,,,,,,,,,,,,,,,,,,,*,,,,,,,,*
,,,,,,,,,,>,,......,,,.*,,,,,,,,*
**,******..**#....#**'#*,,**,,,**
**,******..###....##..#*,,**,,,**
',,,*,,,,..........#..,*,,,,,,,,*
*,,,*,,,,.....c....'.,,',,,,,,,,*
*,,,',,,,,,......o.#,,,*,,**,,,**
*,,**,,,,,,,*#....#*,,,*,,,*****
*,,**,,,,,,,*#..@.#####*,,,*
,,,,,,,*#**'*#.Zo.##..##****
,,,,,,,*#...##((...#...#
*,,**,,,.......((..'...#
*,,**,,,...?##....##...#
*,,,*,,,...,*#######.[[#
*,,,*,,,..,,,* #..).#
*,,**,,,.,,,,* #..)<##########
*****,,,,,,,** ##....[[.)....#


You could see a centaur, an orc priest, an orc and a giant frog skeleton.

Vanquished Creatures
  A hungry ghost (D:6)
  The ghost of Poody the Cudgeler, an amateur OgHu (D:3)
  2 orc warriors
  4 centaurs (D:5)
  A black bear (D:6)
  2 ogres (D:5)
  4 giant frogs (D:7)
  A wyvern skeleton (D:7)
  A scorpion (D:5)
  2 jellies (D:6)
  A crimson imp (D:5)
  10 wights
  2 iguanas
  2 giant frog skeletons (D:5)
  5 orc wizards
  2 centaur skeletons
  2 orc priests
  Jessica (D:2)
  2 hounds (D:5)
  2 worker ants
  Robin (D:3)
  7 adders
  A river rat (D:5)
  An ooze (D:3)
  An adder skeleton (D:6)
  2 worms
  3 giant geckos
  23 orcs
  4 ball pythons
  12 bats
  9 giant cockroaches
  20 goblins
  8 hobgoblins
  11 kobolds
  2 quokkas
  5 giant newts
  A quokka skeleton (D:5)
  2 quokka zombies (D:5)
  10 rats
171 creatures vanquished.

Notes
Turn   | Place    | Note
--------------------------------------------------------------
     0 | Abyss:1  | Gargoyl the Demonspawn Abyssal Knight began the quest for the Orb.
     0 | Abyss:1  | Reached XP level 1. HP: 18/18 MP: 2/2
    34 | Abyss:1  | Found a corrupted altar of Lugonu.
   125 | Abyss:1  | Noticed a hellwing
   140 | Abyss:1  | Noticed a small abomination
   142 | D:1      | Escaped the Abyss
   418 | D:1      | Reached * piety under Lugonu
   473 | D:1      | Gained mutation: You are partially covered in slimy green scales (AC +2). [demonic ancestry]
   473 | D:1      | Reached XP level 2. HP: 24/24 MP: 3/3
   490 | D:1      | Reached skill level 1 in Dodging
   998 | D:1      | Reached XP level 3. HP: 29/29 MP: 5/5
  1513 | D:2      | Reached ** piety under Lugonu
  1594 | D:2      | Noticed Jessica
  1613 | D:2      | Killed Jessica
  1613 | D:2      | Gained mutation: Your flesh is heat resistant. [demonic ancestry]
  1613 | D:2      | Reached XP level 4. HP: 15/35 MP: 6/6
  2527 | D:3      | Gained mutation: You sometimes gain a little power by taking damage. [demonic ancestry]
  2527 | D:3      | Reached XP level 5. HP: 20/42 MP: 7/7
  2735 | D:3      | Noticed Robin
  2750 | D:3      | Killed Robin
  2780 | D:3      | Noticed Poody's ghost (amateur OgHu)
  2804 | D:3      | Killed Poody's ghost
  2804 | D:3      | Reached skill level 4 in Fighting
  2804 | D:3      | Reached XP level 6. HP: 36/48 MP: 8/8
  2916 | D:3      | Reached *** piety under Lugonu
  3375 | D:3      | Found a bloodstained altar of Trog.
  3386 | D:3      | Found a blossoming altar of Fedhas.
  3396 | D:3      | Reached skill level 1 in Stealth
  3668 | D:4      | Gained mutation: You have sharp fingernails. [demonic ancestry]
  3668 | D:4      | Reached XP level 7. HP: 9/54 MP: 9/9
  3680 | D:4      | Found a shattered altar of Ashenzari.
  4140 | D:4      | Found a stormy altar of Qazlal.
  4205 | D:4      | Found an iron altar of Okawaru.
  4409 | D:5      | Entered Level 5 of the Dungeon
  4692 | D:5      | Reached **** piety under Lugonu
  4768 | D:5      | Found a white marble altar of Elyvilon.
  4965 | D:5      | Reached skill level 5 in Fighting
  4984 | D:5      | Reached XP level 8. HP: 22/62 MP: 10/10
  5442 | D:5      | Found a basalt altar of Yredelemnul.
  5667 | D:5      | Found an ancient bone altar of Kikubaaqudgha.
  5682 | D:5      | Found an opulent altar of Gozag.
  5809 | D:5      | Reached skill level 5 in Armour
  6287 | D:6      | Reached skill level 5 in Dodging
  6991 | D:6      | Found a snail-covered altar of Cheibriados.
  7171 | D:6      | Reached skill level 5 in Axes
  7455 | D:7      | Reached ***** piety under Lugonu
  7469 | D:7      | HP: 2/64 [orc warrior/long sword (7)]
  7784 | D:7      | Found a staircase to the Ecumenical Temple.
  7790 | D:7      | Reached skill level 6 in Fighting
  7790 | D:7      | Gained mutation: You are mostly covered in slimy green scales (AC +3). [demonic ancestry]
  7790 | D:7      | Reached XP level 9. HP: 63/69 MP: 11/11
  8249 | D:7      | Killed from afar by an orc priest

Action                   |  1- 3 |  4- 6 |  7- 9 || total
-------------------------+-------+-------+-------++-------
Melee: Hand axe          |    94 |    70 |       ||   164
       War axe           |       |   146 |   385 ||   531
Throw: Tomahawk          |       |       |     3 ||     3
       Javelin           |       |       |     3 ||     3
Invok: Depart the Abyss  |     1 |       |       ||     1
       Banish            |       |       |     1 ||     1
  Use: Potion            |       |     5 |     4 ||     9
       Scroll            |       |       |    17 ||    17
  Eat: Chunk             |     1 |     1 |     3 ||     5
       Bread ration      |     1 |       |     4 ||     5
       Beef jerky        |       |     1 |     4 ||     5
       Pizza             |       |     1 |       ||     1
       Fruit             |       |       |     2 ||     2
       Meat ration       |       |       |     2 ||     2
